[Event "December 19 Early 2023"]
[Site "https://www.chess.com"]
[Date "2023.12.19"]
[Round "5"]
[White "Kanyamarala, Tarun"]
[Black "Pichot, Alan"]
[Result "0-1"]
[Board "89"]
[TimeControl "180+1"]
[WhiteFideId "45004714"]
[BlackFideId "110973"]
[WhiteElo "2318"]
[BlackElo "2592"]
[WhiteTeam "IRL"]
[BlackTeam "ESP"]
[WhiteClock "0:01:05"]
[BlackClock "0:01:52"]

1. Nf3 d5 2. g3 c6 3. Bg2 Nf6 4. O-O Bg4 5. h3 Bh5 6. d3 Nbd7 7. c4 e6 8. cxd5 exd5 9. Qc2 Be7 10. e4 O-O 11. e5 Ne8 12. d4 Nc7 13. Nc3 f6 14. e6 Nxe6 15. Qf5 Bf7 16. Re1 g6 17. Qc2 Re8 18. h4 Bd6 19. Be3 Ndf8 20. h5 Ng7 21. hxg6 hxg6 22. Rab1 g5 23. b4 Bg6 24. Qb3 Bxb1 25. Rxb1 Qd7 26. b5 Qf5 27. bxc6 bxc6 28. Qb7 Rab8 29. Qxc6 Rxb1+ 0-1

[Event "December 19 Early 2023"]
[Site "https://www.chess.com"]
[Date "2023.12.19"]
[Round "5"]
[White "Brodsky, David"]
[Black "Krzywda, Andrzej"]
[Result "1-0"]
[Board "90"]
[TimeControl "180+1"]
[WhiteFideId "2073250"]
[BlackFideId "1114565"]
[WhiteElo "2813"]
[BlackElo "2130"]
[WhiteTeam "USA"]
[BlackTeam "POL"]
[WhiteClock "0:00:03"]
[BlackClock "0:00:18"]

1. d4 d5 2. Nf3 Nf6 3. g3 c5 4. Bg2 Nc6 5. O-O e6 6. c3 Bd6 7. Bg5 h6 8. Bxf6 Qxf6 9. Nbd2 cxd4 10. cxd4 Nxd4 11. Qa4+ Nc6 12. e4 O-O 13. Qb3 d4 14. Nc4 Bc7 15. a4 e5 16. a5 Rb8 17. Rfc1 Be6 18. Qa4 a6 19. Ne1 Rfc8 20. Nd3 Bg4 21. b4 Be2 22. Nc5 Qe7 23. Nxa6 bxa6 24. Qxc6 Bxa5 25. Nxa5 Rxc6 26. Nxc6 Qb7 27. Nxb8 Qxb8 28. Bf1 Bxf1 29. Rxf1 Qxb4 30. Rxa6 Qb7 31. Rd6 Qxe4 32. Ra1 Qf3 33. Rd8+ Kh7 34. Re8 e4 35. Re1 f5 36. Rd8 d3 37. Re3 Qd1+ 38. Kg2 h5 39. h4 Qc2 40. Re1 d2 41. Ra1 e3 42. Kf1 exf2 43. Rd7 Qc4+ 44. Kxf2 Qc5+ 45. Ke2 Qb5+ 46. Rd3 Qd7 47. Rxd7 Kg6 48. Rd1 Kf6 49. R1xd2 g6 50. R2d6+ Ke5 51. Rxg6 Ke4 52. Rg5 Ke5 53. Rf7 Ke4 54. Rfxf5 Kd4 55. Rf4+ Kc3 56. Rc5+ Kb3 57. Rf8 Kb2 58. Rb8+ Ka3 59. Ra5# 1-0

[Event "December 19 Early 2023"]
[Site "https://www.chess.com"]
[Date "2023.12.19"]
[Round "5"]
[White "noblerone"]
[Black "Dyachuk, Artem"]
[Result "0-1"]
[Board "91"]
[TimeControl "180+1"]
[BlackFideId "34107924"]
[WhiteElo "2509"]
[BlackElo "2244"]
[BlackTeam "UKR"]
[WhiteClock "0:00:00"]
[BlackClock "0:01:50"]

1. e4 e5 2. Nf3 Nc6 3. Bb5 a6 4. Ba4 Nf6 5. d3 b5 6. Bb3 Bc5 7. h3 d6 8. c3 O-O 9. O-O Bd7 10. Nbd2 Re8 11. Re1 h6 12. Nf1 Bb6 13. Be3 Qb8 14. Ng3 Bxe3 15. fxe3 Qb6 16. Kh1 Na5 17. Nh4 b4 18. Ba4 Bxa4 19. Qxa4 bxc3 20. bxc3 Qb5 21. Qc2 Rab8 22. Rab1 Qc5 23. Nhf5 g6 24. Nxh6+ Kg7 25. Ng4 Nxg4 26. hxg4 Rxb1 27. Qxb1 Qxc3 28. Qd1 Qb2 29. Qf3 Qxa2 30. Rf1 Qe6 31. Ra1 Nb7 32. Rxa6 Nc5 33. Ra3 Rb8 34. g5 Rb1+ 35. Kh2 Qe7 36. Qg4 Ne6 37. Ra7 Rc1 38. d4 Qxg5 39. Qxg5 Nxg5 40. dxe5 dxe5 41. Ra5 f6 0-1

[Event "December 19 Early 2023"]
[Site "https://www.chess.com"]
[Date "2023.12.19"]
[Round "5"]
[White "Halkias, Stelios"]
[Black "Sadovsky, Artem"]
[Result "1-0"]
[Board "92"]
[TimeControl "180+1"]
[WhiteFideId "4201809"]
[BlackFideId "4155840"]
[WhiteElo "2462"]
[BlackElo "2314"]
[WhiteTeam "GRE"]
[BlackTeam "FID"]
[WhiteClock "0:01:40"]
[BlackClock "0:00:06"]

1. e4 g6 2. d4 Bg7 3. Nc3 c6 4. Nf3 d5 5. h3 dxe4 6. Nxe4 Nd7 7. Bd3 Ngf6 8. Nxf6+ Nxf6 9. c3 O-O 10. O-O Qc7 11. Re1 c5 12. Qe2 cxd4 13. Nxd4 Nd5 14. Bc4 Nb6 15. Bb3 e5 16. Nb5 Qe7 17. Be3 Be6 18. Bxe6 Qxe6 19. Nc7 Qc6 20. Nxa8 Rxa8 21. Rad1 Nc4 22. Bc1 Rc8 23. b3 Nd6 24. c4 Nf5 25. Bb2 Nd4 26. Bxd4 exd4 27. Qe4 Qxe4 28. Rxe4 Kf8 29. Kf1 a5 30. Ke2 a4 31. Kd3 axb3 32. axb3 Ra8 33. Re2 Ra3 34. Rb1 Bf6 35. c5 h5 36. g4 hxg4 37. hxg4 Kg7 38. f4 Ra5 39. g5 Bd8 40. Kxd4 Bc7 41. b4 Ra3 42. Re7 Bxf4 43. Rxb7 Bxg5 44. c6 Bf6+ 45. Kc4 Rc3+ 46. Kb5 g5 47. Rf1 Kg6 48. c7 g4 49. Rb6 Rxc7 50. Rbxf6+ Kg7 51. R6f4 g3 52. Rg4+ Kf8 53. Rxg3 Rc1 54. Rxc1 1-0

[Event "December 19 Early 2023"]
[Site "https://www.chess.com"]
[Date "2023.12.19"]
[Round "5"]
[White "Hnydiuk, Aleksander"]
[Black "Maatman, Nick"]
[Result "0-1"]
[Board "93"]
[TimeControl "180+1"]
[WhiteFideId "1109057"]
[BlackFideId "1040391"]
[WhiteElo "2374"]
[BlackElo "2696"]
[WhiteTeam "POL"]
[BlackTeam "NED"]
[WhiteClock "0:00:03"]
[BlackClock "0:00:15"]

1. d4 Nf6 2. Nf3 d5 3. c4 e6 4. g3 Bb4+ 5. Bd2 a5 6. Bg2 O-O 7. O-O dxc4 8. Qc2 Bxd2 9. Nbxd2 b5 10. a4 c6 11. b3 cxb3 12. Nxb3 Nd5 13. Rfc1 Qe7 14. Ne5 b4 15. Nxc6 Nxc6 16. Qxc6 Bd7 17. Qc5 Qxc5 18. Rxc5 Rfc8 19. Bxd5 exd5 20. Rxa5 Rxa5 21. Nxa5 Ra8 22. Nb3 Rxa4 23. Rxa4 Bxa4 24. Nc5 Bb5 25. Kf1 Bc4 26. Ke1 g5 27. Kd2 Kg7 28. e3 Kf6 29. Nd3 Bxd3 30. Kxd3 Kf5 31. Kc2 Ke4 32. Kb3 Kf3 33. Kxb4 Kxf2 34. Kc5 Kxe3 35. Kxd5 f5 36. Ke5 f4 37. gxf4 gxf4 38. d5 f3 39. d6 f2 40. d7 f1=Q 41. d8=Q Qf4+ 42. Ke6 Qe4+ 43. Kf7 Qg6+ 44. Kf8 Qh6+ 45. Kg8 Qg6+ 46. Kh8 h5 47. Qh4 Kf3 48. Qh3+ Kf2 49. Qh4+ Kg2 50. Qf4 Qg4 51. Qd2+ Kh3 52. Kh7 h4 53. Kh6 Qg2 54. Qf4 Qxh2 55. Qf3+ Qg3 56. Qh1+ Kg4 57. Qd1+ Qf3 58. Qd7+ Kg3 59. Qd6+ Qf4+ 60. Qxf4+ Kxf4 0-1

[Event "December 19 Early 2023"]
[Site "https://www.chess.com"]
[Date "2023.12.19"]
[Round "5"]
[White "Valle Luis, Leo"]
[Black "Feuerstack, Aljoscha"]
[Result "0-1"]
[Board "94"]
[TimeControl "180+1"]
[WhiteFideId "54577187"]
[BlackFideId "4681932"]
[WhiteElo "2143"]
[BlackElo "2418"]
[WhiteTeam "ESP"]
[BlackTeam "GER"]
[WhiteClock "0:00:02"]
[BlackClock "0:00:31"]

1. e4 c6 2. d4 d5 3. e5 a6 4. h4 c5 5. c3 Nc6 6. Nf3 Bg4 7. Be2 e6 8. a3 Bxf3 9. Bxf3 cxd4 10. cxd4 Qb6 11. Be3 Qxb2 12. Nd2 Nxd4 13. Qa4+ Nb5 14. O-O Qxe5 15. Rab1 Bd6 16. g3 Rd8 17. Rxb5 axb5 18. Qxb5+ Rd7 19. Bf4 Qd4 20. Bxd6 Qxd2 21. Bb4 Qc2 22. Bxd5 Ne7 23. Bxb7 Qc7 24. Be4 O-O 25. Qh5 g6 26. Qh6 Rfd8 27. Kh2 Qc4 28. Bg2 Nf5 29. Qg5 h6 30. Qf6 Qd4 31. Qxd4 Rxd4 32. Bc5 Rc4 33. Bb4 Rc2 34. Kg1 Nd4 35. a4 Rc4 36. Bd2 Ne2+ 37. Kh1 Rxd2 38. a5 Ra4 39. Rb1 Rxa5 40. Rb8+ Kg7 41. Kh2 0-1

[Event "December 19 Early 2023"]
[Site "https://www.chess.com"]
[Date "2023.12.19"]
[Round "5"]
[White "Shishkov, Andrei"]
[Black "Tologon tegin, Semetei"]
[Result "1-0"]
[Board "95"]
[TimeControl "180+1"]
[WhiteFideId "4500563"]
[BlackFideId "13800574"]
[WhiteElo "2241"]
[BlackElo "2258"]
[WhiteTeam "EST"]
[BlackTeam "KGZ"]
[WhiteClock "0:01:18"]
[BlackClock "0:00:00"]

1. d4 d5 2. c4 e6 3. Nc3 a6 4. cxd5 exd5 5. Nf3 c6 6. Bf4 Bd6 7. Bxd6 Qxd6 8. e4 dxe4 9. Nxe4 Qe7 10. Qe2 Be6 11. Nc5 Bc8 12. O-O-O Qxe2 13. Bxe2 Nf6 14. Rhe1 O-O 15. Bc4 b6 16. Ne4 Nxe4 17. Rxe4 Ra7 18. Rde1 Rd7 19. Ne5 Rc7 20. Nxf7 Rcxf7 21. Re8 Bd7 22. R8e7 b5 23. Bb3 c5 24. dxc5 g6 25. Rxf7 Rxf7 26. Re7 Be6 27. Bxe6 Kf8 28. Rxf7+ 1-0

[Event "December 19 Early 2023"]
[Site "https://www.chess.com"]
[Date "2023.12.19"]
[Round "5"]
[White "Timerkhanov, Alexander"]
[Black "Czerw, Dawid"]
[Result "1/2-1/2"]
[Board "96"]
[TimeControl "180+1"]
[WhiteFideId "24177938"]
[BlackFideId "1145746"]
[WhiteElo "2278"]
[BlackElo "2144"]
[WhiteTeam "RUS"]
[BlackTeam "POL"]
[WhiteClock "0:00:20"]
[BlackClock "0:00:08"]

1. d4 d5 2. Bf4 Nf6 3. e3 g6 4. Nf3 Bg7 5. Be2 O-O 6. O-O c5 7. c3 Nc6 8. Nbd2 Nh5 9. Bg5 h6 10. Bh4 g5 11. Ne1 gxh4 12. Bxh5 h3 13. g3 e5 14. dxe5 Nxe5 15. Nef3 Nd3 16. Rb1 Bf5 17. Nh4 Bh7 18. Bg4 Bf6 19. Ndf3 Ne5 20. Nxe5 Bxe5 21. Rc1 Kh8 22. Bxh3 Rg8 23. Nf5 Qf6 24. Qxd5 Bxf5 25. Bxf5 Qxf5 26. f4 Rae8 27. fxe5 Qg5 28. Qxf7 Rxe5 29. Qf6+ Qxf6 30. Rxf6 Rxe3 31. Rxh6+ Kg7 32. Rd6 Re2 33. Rd7+ Kg6 34. Rxb7 Rd8 35. Rf1 Rdd2 36. Rff7 Rg2+ 37. Kf1 Rxh2 38. Rg7+ Kf5 39. Rbf7+ Ke6 40. Kg1 Rhe2 41. Re7+ Kf6 42. Rxe2 Rxe2 43. Rxa7 Rxb2 44. a4 Kf5 45. Rc7 Kg4 46. Rxc5 Kxg3 47. Kf1 Kf3 48. Ke1 Ke3 49. Kd1 Kd3 50. Kc1 Ra2 51. a5 Rh2 52. a6 Ra2 53. Rc6 Ke4 54. Kb1 Ra5 55. Kb2 Kd5 56. Rh6 Kc4 57. Rh4+ Kb5 58. Rh5+ Kxa6 59. Rh6+ Kb5 60. Kb3 Ra8 61. Rh5+ Kc6 62. Kc4 Ra4+ 63. Kd3 Rg4 64. c4 Rf4 65. Kc3 Rf1 66. Rh6+ Kc5 67. Rh5+ Kc6 68. Rh4 Rc1+ 69. Kd2 Rg1 70. Kd3 Rd1+ 71. Kc2 Rg1 72. Kb3 Rb1+ 73. Kc3 Rc1+ 74. Kb2 Rg1 75. Rh5 Rf1 76. Kc3 Rc1+ 77. Kd3 Rd1+ 78. Ke4 Re1+ 79. Kd4 Rd1+ 80. Kc3 Rc1+ 81. Kb3 Rb1+ 82. Kc2 Rg1 83. Rh6+ Kc5 84. Rh4 Rf1 85. Re4 Rg1 86. Kd3 Rd1+ 87. Ke2 Rh1 88. Kf3 Rc1 89. Re8 Rxc4 90. Rc8+ Kb4 91. Rd8 Rc5 92. Re8 Rc7 93. Re4+ Kb5 94. Re5+ Kb6 95. Re6+ Kb7 96. Re4 Rc3+ 97. Re3 Rc1 98. Re2 Rf1+ 99. Rf2 Rb1 100. Rc2 Ra1 101. Ke2 Rh1 102. Kd2 Rh2+ 103. Kc3 Rxc2+ 104. Kxc2 1/2-1/2

[Event "December 19 Early 2023"]
[Site "https://www.chess.com"]
[Date "2023.12.19"]
[Round "5"]
[White "Wu, Derek"]
[Black "Nilsen, Tobias Lang"]
[Result "1-0"]
[Board "97"]
[TimeControl "180+1"]
[WhiteFideId "30914558"]
[BlackFideId "1521624"]
[WhiteElo "2211"]
[BlackElo "2221"]
[WhiteTeam "USA"]
[BlackTeam "NOR"]
[WhiteClock "0:00:22"]
[BlackClock "0:00:06"]

1. d4 Nf6 2. Nc3 d5 3. Bf4 a6 4. e3 c5 5. dxc5 Nc6 6. Nf3 Qa5 7. Nd4 Qxc5 8. Nb3 Qb6 9. Be2 e5 10. Bg5 Be6 11. Bxf6 gxf6 12. Nxd5 Bxd5 13. Qxd5 Nb4 14. Qe4 Qc6 15. Qxc6+ Nxc6 16. Bf3 Rc8 17. c3 f5 18. Bd5 Rg8 19. O-O-O Be7 20. g3 Rg6 21. Kb1 Rd8 22. h4 Rgd6 23. Bf3 e4 24. Be2 Ne5 25. Nd4 Rf6 26. h5 Nc6 27. Nb3 Rxd1+ 28. Bxd1 h6 29. Kc2 Rd6 30. Be2 Bf6 31. a4 Ke7 32. Nc5 Nd8 33. b4 Rc6 34. a5 Rc7 35. Kb3 Be5 36. Rd1 Ne6 37. Rd5 Bd6 38. Na4 Ng7 39. Nb6 Ke6 40. Bc4 Ke7 41. Rd2 Ne8 42. Nd5+ Kd8 43. Nxc7 Kxc7 44. Bxf7 Nf6 45. Bg6 1-0

[Event "December 19 Early 2023"]
[Site "https://www.chess.com"]
[Date "2023.12.19"]
[Round "5"]
[White "Rendle, Thomas E"]
[Black "Rakhimgaliyev, Yerlan"]
[Result "0-1"]
[Board "98"]
[TimeControl "180+1"]
[WhiteFideId "408760"]
[BlackFideId "13705148"]
[WhiteElo "2424"]
[BlackElo "2261"]
[WhiteTeam "ENG"]
[BlackTeam "KAZ"]
[WhiteClock "0:00:00"]
[BlackClock "0:00:28"]

1. e4 e5 2. Nf3 d6 3. Nc3 Be7 4. g3 Nf6 5. Bg2 O-O 6. O-O c6 7. d4 exd4 8. Qxd4 Re8 9. a4 Nbd7 10. Bf4 Qb6 11. Qd2 Nc5 12. Rfe1 Bg4 13. Bxd6 Bxd6 14. Qxd6 Rad8 15. Qf4 Qxb2 16. e5 Bxf3 17. Qxf3 Nd5 18. Nxd5 Rxd5 19. e6 Rxe6 20. Qf4 h5 21. Bxd5 cxd5 22. Qf5 Qc3 23. Rf1 Ne4 24. Qxd5 h4 25. Qd8+ Kh7 26. Qxh4+ Kg8 27. Qd8+ Kh7 28. Qh4+ Kg8 29. Rad1 g5 30. Qg4 Kg7 31. Rfe1 Nxf2 32. Kxf2 Qxc2+ 33. Kg1 Qc5+ 34. Kg2 Qc2+ 35. Kh1 Qc6+ 36. Kg1 Qc5+ 37. Kg2 Qc2+ 38. Kh3 Rh6+ 39. Qh4 Qf5+ 40. Kg2 gxh4 0-1

[Event "December 19 Early 2023"]
[Site "https://www.chess.com"]
[Date "2023.12.19"]
[Round "5"]
[White "Fromm, Marius"]
[Black "DeyanKostov"]
[Result "1-0"]
[Board "99"]
[TimeControl "180+1"]
[WhiteFideId "12993190"]
[WhiteElo "2335"]
[BlackElo "2477"]
[WhiteTeam "GER"]
[WhiteClock "0:00:06"]
[BlackClock "0:00:10"]

1. e4 c5 2. Nf3 d6 3. d4 Nf6 4. Nc3 cxd4 5. Nxd4 Nc6 6. f3 e5 7. Nb3 Be7 8. Be3 O-O 9. Qd2 a5 10. Bb5 Na7 11. Bxa7 Rxa7 12. O-O-O Be6 13. g4 Nxg4 14. Kb1 Nf6 15. Rhg1 g6 16. f4 exf4 17. Qxf4 Qb6 18. Nd4 Kh8 19. Nxe6 fxe6 20. e5 Nd7 21. Qg4 Nc5 22. exd6 Bf6 23. Rgf1 Raa8 24. Qg3 Bg7 25. d7 Rxf1 26. Rxf1 Rd8 27. Rd1 Bf6 28. a4 Kg7 29. h4 Qa7 30. Qc7 Nxd7 31. Rxd7+ Rxd7 32. Qxd7+ Kh6 33. Qxe6 Bxc3 34. bxc3 Qc5 35. Qf6 b6 36. Be2 Qa3 37. Bb5 Qc5 38. Kb2 Qe3 39. Bd3 Qc5 40. Kb3 Qe3 41. Qf8+ Kh5 42. Qg7 h6 43. Qxg6+ Kxh4 44. Bf5 Qg5 45. Qxg5+ Kxg5 46. Bd7 Kf4 47. Kc4 Ke5 48. Kb5 1-0

[Event "December 19 Early 2023"]
[Site "https://www.chess.com"]
[Date "2023.12.19"]
[Round "5"]
[White "Mazurkiewicz, Michal"]
[Black "Nigalidze, Gaioz"]
[Result "1/2-1/2"]
[Board "100"]
[TimeControl "180+1"]
[WhiteFideId "1124943"]
[BlackFideId "13603078"]
[WhiteElo "2103"]
[BlackElo "2400"]
[WhiteTeam "POL"]
[BlackTeam "GEO"]
[WhiteClock "0:00:14"]
[BlackClock "0:00:23"]

1. e4 c5 2. Nf3 d6 3. g3 g6 4. Bg2 Bg7 5. O-O Nf6 6. d3 O-O 7. Re1 Nc6 8. e5 dxe5 9. Nxe5 Nd4 10. c3 Nb5 11. Be3 Qc7 12. Bf4 Nd6 13. Nc4 Bg4 14. Qb3 Rab8 15. Nba3 b5 16. Nxb5 Rxb5 17. Bxd6 Qd7 18. Ne5 Qe8 19. Qa4 exd6 20. Nxg4 Qb8 21. Nxf6+ Bxf6 22. Rab1 Bxc3 23. Re7 a5 24. Bd5 Bf6 25. Rd7 Rxb2 26. Rxb2 Qxb2 27. Rxf7 Qe5 28. Rxf8+ Kxf8 29. Bc4 Qe1+ 30. Kg2 Bd4 31. Qd7 Qxf2+ 32. Kh3 Qf1+ 33. Kg4 h5+ 34. Kg5 Qf6+ 35. Kh6 Qh8+ 36. Kg5 Qf6+ 37. Kh6 Be3+ 38. Kh7 Qe7+ 39. Qxe7+ Kxe7 40. Kxg6 Bg1 41. h3 Bf2 42. Kxh5 Bxg3 43. Kg4 Be5 44. Bd5 Bd4 45. Kf5 Bf2 46. Kg4 a4 47. Kf5 a3 48. Bc4 Kd7 49. Bd5 Be1 50. Kg4 Ke7 51. h4 Kf6 52. h5 Ke5 53. Bb3 Bd2 54. Kf3 Kd4 55. Ke2 Kc3 56. Bc4 Bh6 57. Bb3 Kd4 58. Bc4 d5 59. Bb3 c4 60. dxc4 dxc4 61. Ba4 Kc3 62. Bb5 Kb4 63. Ba6 Kc3 64. Kd1 Bg5 65. Bb5 Bh6 66. Ba6 Kb4 67. Kc2 Kc5 68. Bc8 Kd4 69. Be6 Kc5 70. Bf7 Bg7 71. Bg8 Kd4 72. Bf7 Kc5 73. Bg8 c3 74. Bb3 Kd6 75. Bg8 Bd4 76. Bf7 Ke5 77. Bg6 Kf6 78. Be8 Kg5 79. Bg6 Kh6 80. Be8 Kg5 81. Bf7 Kf6 82. Be8 Ke7 83. Bg6 Kf8 84. Bf5 Kg7 85. Bg4 Kh6 86. Bd1 1/2-1/2

[Event "December 19 Early 2023"]
[Site "https://www.chess.com"]
[Date "2023.12.19"]
[Round "5"]
[White "Omelja, Artem"]
[Black "Kashtanov, Ruslan"]
[Result "1-0"]
[Board "101"]
[TimeControl "180+1"]
[WhiteFideId "14119846"]
[BlackFideId "4124871"]
[WhiteElo "2404"]
[BlackElo "2263"]
[WhiteTeam "UKR"]
[BlackTeam "RUS"]
[WhiteClock "0:00:06"]
[BlackClock "0:00:00"]

1. d4 Nf6 2. c4 Nc6 3. Nc3 e5 4. dxe5 Nxe5 5. e3 Bc5 6. Be2 O-O 7. Nf3 d6 8. O-O a5 9. b3 Bf5 10. Bb2 Qe7 11. Nd5 Nxd5 12. Qxd5 c6 13. Qd2 h6 14. Rfd1 Rfd8 15. a3 Bg4 16. Nd4 Qh4 17. Bxg4 Qxg4 18. h3 Qg6 19. Kh1 a4 20. f4 axb3 21. fxe5 dxe5 22. Qc3 exd4 23. exd4 Qc2 24. Qxc2 bxc2 25. Rd2 Bxa3 26. Rxa3 Rxa3 27. Bxa3 Ra8 28. Bc1 Ra2 29. Kg1 b5 30. d5 cxd5 31. c5 b4 32. c6 b3 33. c7 1-0

[Event "December 19 Early 2023"]
[Site "https://www.chess.com"]
[Date "2023.12.19"]
[Round "5"]
[White "Mohammadi, Melika"]
[Black "Masague Artero, Guerau"]
[Result "1-0"]
[Board "102"]
[TimeControl "180+1"]
[WhiteFideId "42529271"]
[BlackFideId "32098952"]
[WhiteElo "1901"]
[BlackElo "2253"]
[WhiteTeam "IRI"]
[BlackTeam "ESP"]
[WhiteClock "0:00:03"]
[BlackClock "0:00:05"]

1. e4 Nc6 2. Nf3 d6 3. d4 Nf6 4. Nc3 g6 5. Bc4 Bg7 6. h3 O-O 7. d5 Nb8 8. O-O c6 9. Re1 b5 10. Bb3 b4 11. Nb1 Bb7 12. a3 a5 13. axb4 axb4 14. Rxa8 Bxa8 15. dxc6 Nxc6 16. Nbd2 Na5 17. Ba2 Qc7 18. e5 dxe5 19. Nxe5 e6 20. Ndf3 Nd5 21. Bd2 Rb8 22. Nd3 Nc4 23. Bc1 Rc8 24. Qe2 Ncb6 25. Bb3 Bb7 26. Bd2 Ba6 27. Ra1 Bc4 28. Bxc4 Qxc4 29. Rc1 Bxb2 30. Rb1 Bg7 31. Bxb4 Qxc2 32. Qxc2 Rxc2 33. Bc5 Nd7 34. Bd6 h6 35. Rb7 N5b6 36. Nfe5 Rc6 37. Nxc6 1-0

[Event "December 19 Early 2023"]
[Site "https://www.chess.com"]
[Date "2023.12.19"]
[Round "5"]
[White "Kanyamarala, Trisha"]
[Black "Tokhirjonova, Gulrukhbegim"]
[Result "0-1"]
[Board "103"]
[TimeControl "180+1"]
[WhiteFideId "45004722"]
[BlackFideId "14203626"]
[WhiteElo "2078"]
[BlackElo "2265"]
[WhiteTeam "IRL"]
[BlackTeam "USA"]
[WhiteClock "0:00:08"]
[BlackClock "0:00:13"]

1. c4 Nf6 2. Nc3 e6 3. e4 d6 4. d4 Nbd7 5. f4 Be7 6. Nf3 c6 7. e5 Ng8 8. Be2 Qc7 9. O-O b6 10. f5 exf5 11. Bf4 Nf8 12. d5 Ng6 13. exd6 Bxd6 14. Bxd6 Qxd6 15. Bd3 Nf6 16. Re1+ Kf8 17. Qc2 Ng4 18. Na4 Nh4 19. Qe2 Bd7 20. g3 Nxf3+ 21. Qxf3 cxd5 22. Nc3 Qc5+ 23. Kg2 Re8 24. Nxd5 g6 25. Qf4 Kg7 26. h3 Bc6 27. hxg4 Bxd5+ 28. cxd5 Qxd5+ 29. Qf3 Qd4 30. gxf5 Qxb2+ 31. Kh1 Rxe1+ 32. Rxe1 Rd8 33. Rf1 f6 34. fxg6 hxg6 35. Qe4 Rh8+ 36. Qh4 Rxh4+ 37. gxh4 Qxa2 38. Rc1 Qd5+ 0-1

[Event "December 19 Early 2023"]
[Site "https://www.chess.com"]
[Date "2023.12.19"]
[Round "5"]
[White "Omariev, Maksim"]
[Black "Domingo Nunez, Alejandro"]
[Result "0-1"]
[Board "104"]
[TimeControl "180+1"]
[WhiteFideId "4193423"]
[BlackFideId "22245561"]
[WhiteElo "2456"]
[BlackElo "2252"]
[WhiteTeam "RUS"]
[BlackTeam "ESP"]
[WhiteClock "0:00:00"]
[BlackClock "0:01:41"]

1. e4 g6 2. d4 Bg7 3. Nc3 c6 4. Be3 d5 5. e5 f6 6. f4 Nh6 7. Be2 O-O 8. Qd2 fxe5 9. fxe5 Nf5 10. Bf4 e6 11. Nf3 c5 12. dxc5 Nc6 13. a3 Qa5 14. Nb5 Qa4 15. b3 Qa5 16. b4 Qd8 17. O-O Bd7 18. Nd6 Nxd6 19. exd6 Bxa1 20. Rxa1 Qf6 21. Re1 Qxf4 22. Qxf4 Rxf4 23. Bd3 Re8 24. b5 Nd4 25. Ne5 Bxb5 26. Bxb5 Nxb5 27. Rb1 Nd4 28. Rc1 Ne2+ 0-1

[Event "December 19 Early 2023"]
[Site "https://www.chess.com"]
[Date "2023.12.19"]
[Round "5"]
[White "Bazilius, Augustinas"]
[Black "Sadykov, Ramil"]
[Result "1-0"]
[Board "105"]
[TimeControl "180+1"]
[WhiteFideId "12832251"]
[BlackFideId "24113590"]
[WhiteElo "2082"]
[BlackElo "2245"]
[WhiteTeam "LTU"]
[BlackTeam "FID"]
[WhiteClock "0:00:03"]
[BlackClock "0:00:00"]

1. d4 d6 2. c4 e5 3. e3 f5 4. Nc3 Nf6 5. g3 c6 6. Bg2 Be7 7. Nge2 O-O 8. O-O Qc7 9. b3 a5 10. Bb2 Na6 11. a3 Kh8 12. Qc2 Be6 13. Rac1 Rad8 14. Rfd1 Bc8 15. h3 Rfe8 16. c5 dxc5 17. dxe5 Qxe5 18. Nd5 Qe6 19. Nef4 Qf7 20. Nb6 Be6 21. Nxe6 Qxe6 22. Bf1 Nc7 23. Bc4 Ncd5 24. Qd2 Ne4 25. Qxa5 Nxf2 26. Nxd5 Nxh3+ 27. Kg2 cxd5 28. Bb5 Qxe3 29. Bxe8 Bd6 30. Qc3 Qxc3 31. Bxc3 Rxe8 32. Kxh3 d4 33. Bxd4 cxd4 34. Rxd4 Bxa3 35. Rc7 h6 36. Rxb7 Re6 37. Rdd7 1-0

[Event "December 19 Early 2023"]
[Site "https://www.chess.com"]
[Date "2023.12.19"]
[Round "5"]
[White "Veleshnja, Zino"]
[Black "Janaszak, Dawid"]
[Result "0-1"]
[Board "106"]
[TimeControl "180+1"]
[WhiteFideId "4701313"]
[BlackFideId "1119206"]
[WhiteElo "2216"]
[BlackElo "2218"]
[WhiteTeam "ALB"]
[BlackTeam "POL"]
[WhiteClock "0:01:17"]
[BlackClock "0:00:27"]

1. d4 d5 2. c4 e6 3. Nc3 c5 4. cxd5 cxd4 5. Qxd4 Nc6 6. Qa4 exd5 7. e3 Nf6 8. Nf3 Bc5 9. Bb5 O-O 10. O-O Bg4 11. Bxc6 bxc6 12. Qxc6 Rc8 13. Qb5 Bxf3 14. gxf3 d4 15. exd4 Bxd4 16. Be3 Bxe3 17. fxe3 Qd2 18. Qe2 Qxe2 19. Nxe2 Rc2 20. Nd4 Rxb2 21. Rf2 Rfb8 22. Rxb2 Rxb2 23. Rc1 g6 24. a3 Nd5 25. e4 Ne3 26. Re1 Nc4 27. Rc1 Nxa3 28. Ra1 Rb1+ 29. Rxb1 Nxb1 30. Kf2 Na3 31. Ke3 Nc4+ 32. Kd3 Ne5+ 33. Ke3 a5 34. h3 Kg7 35. f4 Nd7 36. Nb5 Kh6 37. Kd4 Kh5 38. Kd5 Kh4 39. Kd6 Nf6 40. e5 Nh5 41. Ke7 Nxf4 42. Kxf7 Kxh3 43. Kg7 g5 44. Nd4 g4 45. Ne2 Nxe2 46. e6 Nd4 0-1

[Event "December 19 Early 2023"]
[Site "https://www.chess.com"]
[Date "2023.12.19"]
[Round "5"]
[White "Herman, Daniel"]
[Black "Ambartsumova, Karina"]
[Result "0-1"]
[Board "107"]
[TimeControl "180+1"]
[WhiteFideId "30935008"]
[BlackFideId "4166299"]
[WhiteElo "1897"]
[BlackElo "2240"]
[WhiteTeam "USA"]
[BlackTeam "RUS"]
[WhiteClock "0:00:08"]
[BlackClock "0:00:33"]

1. e4 e5 2. Nf3 Nc6 3. Bc4 Nf6 4. d3 h6 5. O-O d6 6. c3 g5 7. Re1 Bg7 8. d4 Bg4 9. dxe5 Nxe5 10. Be2 Be6 11. Nd4 Qd7 12. Nd2 O-O-O 13. a4 g4 14. a5 h5 15. b4 h4 16. b5 g3 17. f4 gxh2+ 18. Kxh2 Neg4+ 19. Kg1 Ne3 20. Qa4 h3 21. g3 h2+ 22. Kh1 Bh3 23. Bf3 Nfg4 24. Re2 Nf1 25. Nf5 Qxf5 26. exf5 Nxg3# 0-1

[Event "December 19 Early 2023"]
[Site "https://www.chess.com"]
[Date "2023.12.19"]
[Round "5"]
[White "Jakubowski, Krzysztof"]
[Black "Perossa, Nicolas"]
[Result "1-0"]
[Board "108"]
[TimeControl "180+1"]
[WhiteFideId "1112848"]
[BlackFideId "2850520"]
[WhiteElo "2369"]
[BlackElo "1934"]
[WhiteTeam "POL"]
[BlackTeam "ITA"]
[WhiteClock "0:01:14"]
[BlackClock "0:00:00"]

1. e4 d6 2. d4 Nf6 3. Nc3 Nbd7 4. f4 c5 5. d5 g6 6. Nf3 Bg7 7. e5 dxe5 8. fxe5 Ng4 9. e6 Nde5 10. Bb5+ Kf8 11. Nxe5 Nxe5 12. O-O c4 13. Bf4 f5 14. Qe2 Ng4 15. d6 a6 16. Nd5 Bf6 17. Qxg4 fxg4 18. Bh6+ Kg8 19. Nxf6+ exf6 20. Bxc4 Qb6+ 21. Kh1 1-0

[Event "December 19 Early 2023"]
[Site "https://www.chess.com"]
[Date "2023.12.19"]
[Round "5"]
[White "Serban, Cristian-Stefan"]
[Black "Al-Tarboush, Ward"]
[Result "0-1"]
[Board "109"]
[TimeControl "180+1"]
[WhiteFideId "1241443"]
[BlackFideId "7601450"]
[WhiteElo "2040"]
[BlackElo "2278"]
[WhiteTeam "ROU"]
[BlackTeam "NOR"]
[WhiteClock "0:00:00"]
[BlackClock "0:00:05"]

1. d4 Nf6 2. Bf4 b6 3. e3 Bb7 4. Nf3 e6 5. Be2 Be7 6. c4 O-O 7. O-O d5 8. cxd5 Nxd5 9. Bg3 c5 10. Nc3 cxd4 11. Nxd5 Qxd5 12. Qxd4 Nd7 13. Rac1 Rac8 14. Bc4 Qxd4 15. Nxd4 a6 16. Nxe6 Rfe8 17. Nd4 b5 18. Bb3 Nc5 19. Bc2 Bd5 20. b3 Ne4 21. Nf5 Ba3 22. Bxe4 Bxe4 23. Rxc8 Rxc8 24. Nd4 g6 25. f3 Bd3 26. Rd1 Rc1 27. Rxc1 Bxc1 28. Kf2 Bb1 29. a4 bxa4 30. bxa4 Bd2 31. Nc6 Bc2 32. a5 Ba4 33. Ne7+ Kf8 34. Bd6 Ke8 35. Nd5 Bxa5 36. Nf6+ Kd8 37. Nxh7 Bc3 38. Ng5 Bb3 39. g4 Kd7 40. Ba3 a5 41. h4 Bf6 42. Ne4 Bxh4+ 43. Ke2 Bd5 44. Nc5+ Kc6 45. e4 Bc4+ 46. Ke3 Be7 47. Kd4 Bb5 48. f4 a4 49. g5 Bf1 50. Bb4 Be2 51. Ba3 Kb5 52. e5 Bg4 53. Kd5 Bf3+ 54. Kd4 Kc6 55. Bb4 Bd5 56. Ba3 Bb3 57. Bb4 Be6 58. Ba3 Bf5 59. Bb4 Bd8 60. Ne4 Bb6+ 61. Kd3 Kd5 0-1